AoeStats
← OneBodyProblem

Arabia

503688872Analyzed
2v2 RM · 1mo ago on Sep 1, 2026· 52m 39s· 4 players
Game mode
Random Map
Map size
Medium (4 player)
Population
200
Speed
Normal
Resources
Standard
Victory
Conquest
Starting age
Dark Age
Ending age
Imperial Age
RankedLock teamsTeams togetherTeam positionsShared explorationLock speedFull tech treeHidden civsTurbo modeCheats
Victory
Defeat
🇩🇰 Hindustanis · Denmark
970
+15
🇩🇰 Bohemians · Denmark
968
+15
🇺🇸 Celts · United States
952
-15
🇩🇿 Japanese · Algeria
947
-15
FlyMetal93
12:05 Feudal Age
13:13 Man-at-Arms
16:11 Horse Collar
18:02 Forging
18:02 Loom
20:16 Scale Mail Armor
27:28 Castle Age
25:33 Double-Bit Axe
27:18 Fletching
27:29 Padded Archer Armor
27:24 Arson
29:41 Bow Saw
30:49 Heavy Plow
31:25 Stone Mining
31:32 Gold Mining
33:40 Wheelbarrow
35:17 Gold Shaft Mining
35:23 Elite Skirmisher
36:44 Bodkin Arrow
37:17 Ballistics
38:36 Hand Cart
38:07 Pikeman
39:59 Town Watch
43:58 Imperial Age
42:04 Leather Archer Armor
42:05 Chain Mail Armor
42:11 Squires
41:57 Gambesons
45:41 Iron Casting
45:37 Plate Mail Armor
46:30 Chemistry
46:22 Ring Archer Armor
46:05 Halberdier
47:46 Onager
OneBodyProblem
6:16 Loom
10:23 Feudal Age
10:40 Man-at-Arms
12:27 Horse Collar
17:56 Wheelbarrow
19:14 Loom
22:06 Castle Age
20:26 Scale Mail Armor
21:32 Double-Bit Axe
22:15 Arson
23:12 Forging
25:26 Town Watch
27:49 Hand Cart
27:55 Bow Saw
31:03 Imperial Age
30:25 Ballistics
32:15 Heavy Scorpion
34:42 Pikeman
38:23 Halberdier
42:01 Conscription
45:15 Chain Mail Armor
45:42 Iron Casting
46:55 Onager
Guld Hans
7:25 Loom
9:43 Feudal Age
21:55 Castle Age
26:12 Gold Mining
27:38 Bloodlines
27:53 Double-Bit Axe
29:55 Fletching
30:43 Thumb Ring
31:24 Husbandry
32:00 Scale Barding Armor
34:18 Bodkin Arrow
34:26 Town Watch
35:48 Ballistics
37:34 Chain Barding Armor
39:02 Forging
39:22 Town Patrol
43:24 Wheelbarrow
42:39 Light Cavalry
44:38 Horse Collar
45:12 Bow Saw
47:29 Iron Casting
46:59 Heavy Plow
47:38 Hand Cart
49:07 Gold Shaft Mining
54:35 Imperial Age
Tub$
4:57 Loom
10:37 Feudal Age
16:10 Double-Bit Axe
17:52 Fletching
20:56 Wheelbarrow
24:09 Castle Age
22:20 Padded Archer Armor
23:40 Forging
24:18 Crossbowman
24:55 Bodkin Arrow
25:55 Bow Saw
26:12 Pikeman
28:48 Hand Cart
28:57 Horse Collar
30:46 Chemistry
31:13 Squires
36:49 Imperial Age
36:19 Ballistics
37:34 Halberdier
39:20 Conscription
40:12 Houfnice
42:15 Arbalester
44:32 Wagenburg Tactics
45:38 Fervor
46:45 Bracer
47:20 Iron Casting
Connection lost

Rejoining the realm…

Still unreachable

The connection could not be restored.

Session expired

The server has moved on; the page needs a fresh start.